 Dungeon Crawl Stone Soup version 0.22.0-60-ga52c2fc (webtiles) character file.

1271 sbiou the Slasher (level 8, -3/64 HPs)
             Began as a Barachi Fighter on Sept 10, 2018.
             Was a Follower of Qazlal.
             Killed by divine providence
             ... invoked by an orc priest
              (11 damage)
             ... on level 5 of the Dungeon.
             The game lasted 00:13:09 (3486 turns).

sbiou the Slasher (Barachi Fighter)                 Turns: 3486, Time: 00:13:10

Health: -3/64      AC:  9    Str: 20    XL:     8   Next: 53%
Magic:  8/8        EV: 11    Int:  8    God:    Qazlal [*.....]
Gold:   180        SH: 11    Dex: 12    Spells: 7/7 levels left

rFire    . . .     SeeInvis +   a - +0 long sword
rCold    . . .     Gourm    .   c - +0 shield
rNeg     . . .     Faith    .   b - +0 scale mail
rPois    .         Spirit   .   t - +0 helmet
rElec    .         Reflect  .   (no cloak)
rCorr    .         Harm     .   (no gloves)
MR       .....                  (no boots)
Stlth    ..........             p - amulet of regeneration
HPRegen  0.60/turn              d - +2 ring of evasion
MPRegen  0.11/turn              o - ring of see invisible

@: slow
A: +LOS, swims, slowness 1, strong legs 1
a: Hop, Renounce Religion


You were on level 5 of the Dungeon.
You worshipped Qazlal.
Qazlal was aware of your devotion.
You were not hungry.

You visited 1 branch of the dungeon, and saw 5 of its levels.

You collected 180 gold pieces.

Inventory:

Hand Weapons
 a - a +0 long sword (weapon)
 w - a +0 scimitar
Missiles
 v - 35 stones (quivered)
 y - 2 silver tomahawks
Armour
 b - a +0 scale mail (worn)
 c - a +0 shield (worn)
 t - a +0 helmet (worn)
Jewellery
 d - a +2 ring of evasion (left hand)
 n - an uncursed ring of protection from magic
 o - a ring of see invisible (right hand)
 p - an amulet of regeneration (around neck)
Wands
 q - a wand of scattershot (3)
Scrolls
 h - 7 scrolls of identify {unknown}
 j - 2 scrolls of teleportation {unknown}
 l - 2 scrolls of immolation {unknown}
 m - a scroll of enchant weapon {unknown}
 r - 2 scrolls of fog {unknown}
 u - 2 scrolls of remove curse {unknown}
 B - 3 scrolls of blinking {unknown}
Potions
 e - a potion of magic {unknown}
 g - a potion of flight {unknown}
 i - 2 potions of haste {unknown}
 k - 3 potions of curing {unknown}
 s - a potion of brilliance {unknown}
 z - a potion of heal wounds {unknown}
 A - a potion of ambrosia {unknown}
Comestibles
 f - 6 rations
 x - 5 chunks of flesh


   Skills:
 + Level 5.7 Fighting
 + Level 7.8 Long Blades
 - Level 0.6 Throwing
 + Level 6.4 Armour
 + Level 3.1 Dodging
 - Level 0.8 Stealth
 + Level 5.5 Shields


You had 7 spell levels left.
You didn't know any spells.
Your spell library contained the following spells:

 Spells                   Type           Power        Failure   Level  Hunger
 Flame Tongue             Conj/Fire      #....        98%         1    ##.....
 Throw Flame              Conj/Fire      #.....       99%         2    ###....
 Conjure Flame            Conj/Fire      #.......     100%        3    ####...
 Inner Flame              Hex/Fire       #.......     100%        3    ####...
 Sticky Flame             Conj/Fire      #.......     100%        4    #####..
 Fireball                 Conj/Fire      #.........   100%        5    ######.


Dungeon Overview and Level Annotations

Branches:
Dungeon (5/15)             Temple (0/1) D:5

Altars:
Dithmenos
Elyvilon
Gozag
Makhleb
Nemelex Xobeh
Qazlal
Wu Jian
Xom
Yredelemnul


Innate Abilities, Weirdness & Mutations

Shadows flee at your approach. (+LOS)
You can swim through water.
You cover ground slowly.
You can hop short distances.


Message History

The orc priest invokes the aid of Beogh against you.
Pain shoots through your body! You block the orc priest's attack.
You completely miss the orc priest.
The orc priest invokes the aid of Beogh against you.
Beogh smites you!
The orc priest calls upon Beogh to heal the orc.
The orc's wounds heal themselves!
You are too injured to fight recklessly!
You slash the orc priest!
The orc priest is heavily wounded.
The orc priest calls down the wrath of Beogh upon you.
Beogh smites you!
* * * LOW HITPOINT WARNING * * *
The orc priest invokes the aid of Beogh against you.
Pain shoots through your body!
* * * LOW HITPOINT WARNING * * *
The orc priest calls down the wrath of Beogh upon you.
Beogh smites you!
You die...

### ..## ...# #.. #.. #.#
#.#
#################.########
...............)@.oo....>##
#.######........###.o.....#
#.# ###############....#
#.# #.8.8.8.8.#....# #.#
#8_.._.._8#....# #.#
#.........###.### #.#
#.........#.....# ..#
#8.......8#.....# #.#
#._.._....#.....#


You could see 2 orc priests and an orc.

Vanquished Creatures
  Eustachio (D:5)
  2 sky beasts
  2 ogres (D:5)
  A scorpion (D:5)
  3 howler monkeys
  A hound (D:4)
  3 orc priests
  3 orc wizards
  A bullfrog skeleton (D:4)
  A gnoll shaman (D:4)
  3 worker ants
  2 hound skeletons
  5 gnolls
  7 adders
  An ooze (D:2)
  4 worms
  6 dart slugs
  7 leopard geckos
  17 orcs
  4 giant cockroaches
  9 goblins
  9 hobgoblins
  11 jackals
  7 kobolds
  2 quokkas
  3 bats
  2 frilled lizards (D:1)
  8 rats
125 creatures vanquished.

Notes
Turn   | Place    | Note
-------+----------+-------------------------------------------
     0 | D:1      | sbiou the Barachi Fighter began the quest for the Orb.
     0 | D:1      | Reached XP level 1. HP: 18/18 MP: 1/1
    47 | D:1      | Reached XP level 2. HP: 21/25 MP: 2/2
   158 | D:1      | Reached XP level 3. HP: 20/30 MP: 3/3
   702 | D:2      | Found a shadowy altar of Dithmenos.
   745 | D:2      | Reached skill level 3 in Long Blades
   797 | D:2      | Reached XP level 4. HP: 38/38 MP: 4/4
  1298 | D:3      | Reached skill level 4 in Long Blades
  1300 | D:3      | Reached XP level 5. HP: 34/43 MP: 5/5
  1413 | D:3      | Reached skill level 1 in Dodging
  1838 | D:3      | You fall through a shaft!
  1921 | D:4      | Reached skill level 5 in Long Blades
  1921 | D:4      | Reached XP level 6. HP: 50/50 MP: 6/6
  1950 | D:4      | Found a sparkling altar of Nemelex Xobeh.
  1951 | D:4      | Found an opulent altar of Gozag.
  1953 | D:4      | Found a stormy altar of Qazlal.
  1966 | D:4      | Reached skill level 5 in Fighting
  2014 | D:4      | Became a worshipper of Qazlal Stormbringer
  2046 | D:4      | Found a burning altar of Makhleb.
  2171 | D:4      | Reached skill level 5 in Armour
  2522 | D:4      | Reached XP level 7. HP: 56/56 MP: 7/7
  2711 | D:5      | Entered Level 5 of the Dungeon
  2854 | D:5      | Noticed Eustachio
  2859 | D:4      | Reached skill level 6 in Long Blades
  2886 | D:5      | Killed Eustachio
  2886 | D:5      | Reached skill level 5 in Shields
  2891 | D:5      | Reached skill level 7 in Long Blades
  2891 | D:5      | Reached XP level 8. HP: 34/63 MP: 8/8
  3023 | D:5      | Reached * piety under Qazlal
  3048 | D:5      | Found a basalt altar of Yredelemnul.
  3065 | D:5      | Found a staircase to the Ecumenical Temple.
  3105 | D:5      | Found a basalt altar of Yredelemnul.
  3105 | D:5      | Found a shimmering altar of Xom.
  3106 | D:5      | Found a shadowy altar of Dithmenos.
  3106 | D:5      | Found a white marble altar of Elyvilon.
  3106 | D:5      | Found a shimmering altar of Xom.
  3189 | D:5      | Found an ornate altar of the Wu Jian Council.
  3486 | D:5      | Killed from afar by an orc priest

Skill      XL: |  1  2  3  4  5  6  7  8 |
---------------+-------------------------+-----
Armour         | 4 5 6 |  6.4
Fighting       | 4 5 |  5.7
Long Blades    | 3 4 5 7 |  7.8
Dodging        | 1 2 3 |  3.1
Shields        | 4 5 |  5.5
Throwing       | |  0.6
Stealth        | |  0.8

Action                   |  1- 3 |  4- 6 |  7- 9 || total
-------------------------+-------+-------+-------++-------
Melee: Long sword        |    93 |   255 |   151 ||   499
Throw: Stone             |       |     6 |    21 ||    27
  Use: Potion            |       |       |     1 ||     1
  Eat: Chunk             |       |     6 |     5 ||    11
Armor: Scale mail        |    50 |   107 |    51 ||   208
Dodge: Dodged            |    27 |    64 |    43 ||   134
Block: Shield            |    48 |   123 |    86 ||   257
       Rpst.: Long sword |     7 |    25 |    15 ||    47
